[Event "Titled Tuesday Blitz March 07 Early 2023"]
[White "Manukyan, Sargis V."]
[Black "Real_OceanStorm"]
[WhiteFideId "13303465"]
[WhiteElo "2236"]
[BlackElo "2760"]
[Result "0-1"]
[Round "06"]
[TimeControl "180+2"]
[Date "2023.03.07"]
[WhiteClock "0:00:06"]
[BlackClock "0:00:09"]

1. Nf3 c5 2. g3 g6 3. d4 Bg7 4. Bg2 cxd4 5. Nxd4 Nc6 6. Nxc6 bxc6 7. O-O Nf6 8. c4 O-O 9. Nc3 Rb8 10. b3 c5 11. Bb2 d6 12. Qd2 Bb7 13. Nd5 Ng4 14. Bxg7 Kxg7 15. Rad1 Bxd5 16. Bxd5 Nf6 17. Bg2 a6 18. e4 Qc7 19. f4 Rfe8 20. h3 Rbd8 21. g4 Nd7 22. g5 Rf8 23. Kh1 f6 24. h4 Nb8 25. h5 Nc6 26. f5 Nd4 27. fxg6 hxg6 28. Qf4 Ne6 29. gxf6+ exf6 30. Qg4 Ng5 31. Kg1 gxh5 32. Qxh5 Rh8 33. Qg4 Rh6 34. Rd5 Rg6 35. Rdf5 Qd7 36. R1f2 Ne6 37. Qh3 Rh8 38. Rh5 Rxh5 39. Qxh5 Nd4 40. Kf1 Rg5 41. Qh4 Qe6 42. Qf4 Rg4 43. Qe3 f5 44. Bh3 Rxe4 45. Qg3+ Kf8 46. Qg5 Re1+ 47. Kg2 Qe4+ 48. Kg3 Re3+ 49. Kh2 Nf3+ 50. Rxf3 Rxf3 51. Qf6+ Ke8 52. Qg6+ Kd7 53. Bg2 Qe5+ 54. Kg1 Rg3 55. Qf7+ Kd8 56. Qf8+ Kc7 57. Qf7+ Kb6 58. Qb7+ Ka5 59. b4+ cxb4 60. Qc7+ Ka4 61. Qc6+ Ka3 62. Qxa6+ Kb2 63. Qb7 Qe1+ 64. Kh2 Rg5 65. a3 Rh5+ 66. Bh3 Qf2+ 67. Qg2 Qxg2+ 68. Kxg2 bxa3 69. c5 a2 70. cxd6 a1=Q 71. d7 Qa8+ 72. Kg1 Rxh3 73. Kf2 Qf3+ 74. Ke1 Rh1+ 75. Kd2 Rd1# 0-1


[Site "https://www.chess.com"]

[Event "Titled Tuesday Blitz March 07 Early 2023"]
[White "Garv Gaur"]
[Black "Lorparizangeneh, Shahin"]
[WhiteFideId "45030839"]
[BlackFideId "12521604"]
[WhiteElo "2068"]
[BlackElo "2526"]
[Result "0-1"]
[Round "06"]
[TimeControl "180+2"]
[Date "2023.03.07"]
[WhiteClock "0:00:04"]
[BlackClock "0:00:10"]

1. Nf3 d5 2. g3 Nc6 3. Bg2 e5 4. d3 Nf6 5. O-O Be7 6. Nbd2 O-O 7. e4 dxe4 8. Nxe4 Nd5 9. Nc3 Nxc3 10. bxc3 Bg4 11. h3 Bh5 12. g4 Bg6 13. Re1 e4 14. dxe4 Qxd1 15. Rxd1 Bxe4 16. Nd4 Bxg2 17. Kxg2 Na5 18. Bf4 Rac8 19. Nf5 Bc5 20. Rd7 g6 21. Nh6+ Kg7 22. g5 Bd6 23. Be3 Nc6 24. Rb1 b6 25. Bd4+ Nxd4 26. cxd4 Rcd8 27. Rxd8 Rxd8 28. Ng4 Bf4 29. c3 Bxg5 30. Re1 h5 31. Ne5 Re8 32. Rb1 Bf6 33. f4 Bxe5 34. fxe5 f6 35. exf6+ Kxf6 36. Kf3 g5 37. a4 a6 38. c4 Kf5 39. a5 g4+ 40. hxg4+ hxg4+ 41. Kf2 bxa5 42. Ra1 Kf4 43. Rxa5 g3+ 44. Kf1 Re4 45. Rxa6 Rxd4 46. Rf6+ Kg4 47. Rg6+ Kf3 48. Rf6+ Rf4 49. Rc6 Rf7 50. Rc5 Kg4+ 51. Kg2 Kf4 52. Rc6 Rg7 53. Rf6+ Ke5 54. Rh6 c5 55. Rh4 Rg6 56. Rh5+ Kd4 57. Rh4+ Kd3 58. Rf4 Rg5 59. Rh4 Ke3 60. Rh6 Rg4 61. Rh5 Kd4 62. Rd5+ Kxc4 63. Rd1 Kb3 64. Rc1 c4 0-1


[Site "https://www.chess.com"]

[Event "Titled Tuesday Blitz March 07 Early 2023"]
[White "Hambleton, Aman"]
[Black "Sovetov, Oleksandr"]
[WhiteFideId "2606577"]
[BlackFideId "34105786"]
[WhiteElo "2511"]
[BlackElo "2540"]
[Result "1-0"]
[Round "06"]
[TimeControl "180+2"]
[Date "2023.03.07"]
[WhiteClock "0:00:04"]
[BlackClock "0:00:02"]

1. d4 Nf6 2. c4 e6 3. Nc3 Bb4 4. Qc2 c5 5. dxc5 Na6 6. a3 Bxc3+ 7. Qxc3 Nxc5 8. f3 d5 9. cxd5 b6 10. b4 Na4 11. Qc2 b5 12. e4 a6 13. Bd3 exd5 14. e5 Nd7 15. Bf4 Qh4+ 16. Bg3 Qd4 17. Rd1 Qc3+ 18. Qxc3 Nxc3 19. Rc1 d4 20. Ne2 Nxe2 21. Kxe2 Nb6 22. Be4 Ra7 23. Rc6 Rb7 24. Rhc1 Bd7 25. Rd6 Rb8 26. e6 fxe6 27. Be5 O-O 28. Rxd4 Rbc8 29. Rxc8 Rxc8 30. Bd6 Bc6 31. Bd3 Nd5 32. Bc5 Bb7 33. g3 Kf7 34. f4 Kf6 35. Kd2 e5 36. fxe5+ Kxe5 37. Rh4 h6 38. Bd4+ Kd6 39. Bxg7 Nb6 40. Rxh6+ Ke7 41. Rxb6 1-0


[Site "https://www.chess.com"]

[Event "Titled Tuesday Blitz March 07 Early 2023"]
[White "Garakov, Mikhael"]
[Black "Pulpan, Jakub"]
[WhiteFideId "4169034"]
[BlackFideId "302759"]
[WhiteElo "2347"]
[BlackElo "2484"]
[Result "1-0"]
[Round "06"]
[TimeControl "180+2"]
[Date "2023.03.07"]
[WhiteClock "0:00:06"]
[BlackClock "0:00:31"]

1. e4 a6 2. d4 d6 3. f4 g6 4. Nf3 Bg7 5. Bd3 Bg4 6. Be3 c5 7. c3 Qb6 8. Nbd2 Qxb2 9. e5 Qxc3 10. Ke2 Nc6 11. Rc1 Nxd4+ 12. Bxd4 Qxd4 13. h3 Bxf3+ 14. Nxf3 Qxf4 15. Rc4 dxe5 16. Rxf4 exf4 17. Qa4+ Kf8 18. Be4 Nf6 19. Bxb7 Rb8 20. Qxa6 Nh5 21. Rd1 Bf6 22. Rd7 Kg7 23. Qc4 Ng3+ 24. Kf2 Nf5 25. a4 Nd6 26. Qd5 c4 27. Ne5 Rhf8 28. Nxc4 Nf5 29. a5 Bh4+ 30. Ke2 e6 31. Qc6 Bf6 32. Qb6 Bd8 33. Qb5 Bf6 34. Qb6 Bd8 35. Qa7 Bf6 36. a6 Kh6 37. Qb6 Rfc8 38. a7 Rxb7 39. Qxb7 Rxc4 40. Rxf7 Kg5 41. a8=Q Rc2+ 42. Kd3 Rc3+ 43. Kd2 Rg3 44. Rxf6 f3 45. Qf8 fxg2 46. Rxf5+ exf5 47. Qfe7+ Kf4 48. Qd6+ Kg5 49. Qxg3+ Kh5 50. Qbxg2 h6 51. Qxg6+ Kh4 52. Qxh6# 1-0


[Site "https://www.chess.com"]

[Event "Titled Tuesday Blitz March 07 Early 2023"]
[White "Cherniaiev, Tykhon"]
[Black "Sztokbant, Bernardo Vainzoff"]
[WhiteFideId "14182360"]
[BlackFideId "2115956"]
[WhiteElo "2450"]
[BlackElo "2222"]
[Result "1/2-1/2"]
[Round "06"]
[TimeControl "180+2"]
[Date "2023.03.07"]
[WhiteClock "0:00:23"]
[BlackClock "0:01:09"]

1. Nf3 c5 2. c4 Nf6 3. Nc3 g6 4. g3 Bg7 5. Bg2 O-O 6. O-O Nc6 7. d4 cxd4 8. Nxd4 d6 9. Nxc6 bxc6 10. Bxc6 Bh3 11. Bxa8 Qxa8 12. f3 Bxf1 13. Qxf1 Rc8 14. e4 Qc6 15. Be3 a6 16. b3 Ng4 17. fxg4 Bxc3 18. Rc1 Bb2 19. Rc2 Qxe4 20. Rxb2 Qxe3+ 21. Qf2 Qc1+ 22. Kg2 Rc5 23. Re2 e6 24. Qd4 Qg5 25. Qxd6 Qxg4 26. Qxc5 Qxe2+ 27. Qf2 Qe4+ 28. Qf3 Qc2+ 29. Qf2 Qe4+ 30. Qf3 Qc2+ 31. Qf2 Qe4+ 1/2-1/2


[Site "https://www.chess.com"]

[Event "Titled Tuesday Blitz March 07 Early 2023"]
[White "Kokoszczynski, Jan"]
[Black "Rozman, Levy"]
[WhiteFideId "1174460"]
[BlackFideId "2039877"]
[WhiteElo "2139"]
[BlackElo "2376"]
[Result "1-0"]
[Round "06"]
[TimeControl "180+2"]
[Date "2023.03.07"]
[WhiteClock "0:01:00"]
[BlackClock "0:01:01"]

1. d4 e6 2. c4 b6 3. Nf3 Bb7 4. e3 Bb4+ 5. Nbd2 f5 6. Be2 Nf6 7. a3 Bxd2+ 8. Qxd2 Ne4 9. Qc2 O-O 10. O-O d6 11. b4 Nd7 12. Bb2 Rf6 13. d5 e5 14. Nd2 Rh6 15. g3 Nxd2 16. Qxd2 Nf6 17. f4 Ne4 18. Qc2 Qf6 19. Bf3 Qg6 20. Bxe4 fxe4 21. fxe5 dxe5 22. Bxe5 Re8 23. Bxc7 1-0


[Site "https://www.chess.com"]

[Event "Titled Tuesday Blitz March 07 Early 2023"]
[White "Sokac, Marko"]
[Black "Bolourchifard, Farzad"]
[WhiteFideId "14531356"]
[BlackFideId "12510084"]
[WhiteElo "2355"]
[BlackElo "2317"]
[Result "1/2-1/2"]
[Round "06"]
[TimeControl "180+2"]
[Date "2023.03.07"]
[WhiteClock "0:00:14"]
[BlackClock "0:01:19"]

1. e4 e5 2. Nc3 Nf6 3. Bc4 Nc6 4. d3 Bc5 5. f4 d6 6. Nf3 Bg4 7. Na4 Bb6 8. Nxb6 axb6 9. h3 Be6 10. Bb5 Ra5 11. a4 Qa8 12. Bd2 Ra7 13. fxe5 dxe5 14. Nxe5 O-O 15. Bxc6 bxc6 16. b3 b5 17. a5 c5 18. O-O b4 19. Bg5 Nd7 20. Nxd7 Bxd7 21. Be7 Rb8 22. Bxc5 Rxa5 23. Rxa5 Qxa5 24. Bd4 Qg5 25. Qf3 Be6 26. Be3 Qe7 27. d4 c6 28. Qg3 Re8 29. Bh6 f6 30. e5 f5 31. Bg5 Qd7 32. Be3 Bd5 33. Qf4 Be4 34. Rf2 Qd5 35. g4 g6 36. gxf5 Bxf5 37. Kh2 Ra8 38. Qf3 Qe6 39. Bd2 Bxc2 40. Bxb4 Bxb3 41. Bd2 Bd5 42. Qf6 Qxf6 43. Rxf6 Ra2 44. Rf2 Ra4 45. Bh6 Ra2 46. Rxa2 Bxa2 47. Kg3 Kf7 48. Kf4 Ke6 49. Bf8 Kd5 50. Bc5 h6 51. h4 Bb1 52. h5 gxh5 53. Kg3 Bg6 54. Kh4 Bf7 55. Ba7 Ke4 56. Bc5 Kf5 57. Ba7 Kg6 58. Bc5 Be6 59. Ba7 Bg4 60. Bc5 Kf5 61. Ba7 Ke4 62. Bc5 Kd5 63. Ba7 Kc4 64. Bc5 Kb5 65. Ba7 Kc4 66. Bc5 Kd5 67. Ba7 Ke4 68. Bc5 Kf5 69. Ba7 1/2-1/2


[Site "https://www.chess.com"]

[Event "Titled Tuesday Blitz March 07 Early 2023"]
[White "Arencibia Monduy, Antonio"]
[Black "Petrosian, Karlen"]
[WhiteFideId "3507939"]
[BlackFideId "4176146"]
[WhiteElo "2521"]
[BlackElo "2345"]
[Result "0-1"]
[Round "06"]
[TimeControl "180+2"]
[Date "2023.03.07"]
[WhiteClock "0:00:01"]
[BlackClock "0:00:12"]

1. e4 e6 2. d4 d5 3. e5 c5 4. c3 Qb6 5. Nf3 Bd7 6. a4 cxd4 7. Nxd4 Nc6 8. Nxc6 bxc6 9. Bd3 Ne7 10. O-O Ng6 11. Qe2 a5 12. Kh1 Be7 13. f4 Nh4 14. Nd2 h5 15. Nf3 Nxf3 16. Qxf3 g6 17. Qe2 Bc5 18. Bd2 Bc8 19. b4 Be7 20. Be3 Qc7 21. Bc5 Bxc5 22. bxc5 Qa7 23. Qe3 Ba6 24. Bxa6 Qxa6 25. Rab1 Kf8 26. f5 gxf5 27. Qg5 Qe2 28. Qf6 Rg8 29. Rg1 Rg7 30. Rb7 Kg8 31. h3 Rf8 32. Rc7 Rg6 33. Qh4 Qxe5 34. Rxc6 Qxc3 35. Qxh5 d4 36. Rc7 d3 37. Qf3 Qc2 38. Rd7 Qxc5 39. Rxd3 Qb4 40. Ra3 Rb8 41. Qe3 Qh4 42. Qf3 Qe4 43. Qd1 Rb4 44. Rd3 Kg7 45. Rd7 Qe5 46. Rd3 Rh4 47. Rf3 Qd4 48. Qe1 Qxa4 49. Qe5+ Kh7 50. Rc3 Qd4 51. Qe1 a4 52. Rc8 Qe4 53. Qxe4 Rxe4 54. Rgc1 Kg7 55. Ra8 f4 56. Ra1 f3 57. gxf3 Rf4 58. R8xa4 Rxf3 59. Rh4 Rgg3 60. Kh2 Rb3 61. Rg1 Rxg1 62. Kxg1 Kg6 63. Kg2 f5 64. Ra4 e5 65. Ra6+ Kg5 66. Ra4 e4 67. Rc4 Kf4 68. Rc1 Rg3+ 69. Kh2 Rf3 70. Rg1 Rf2+ 71. Kh1 Rf3 72. Kh2 e3 73. h4 Ke4 74. h5 Rf4 75. Kh3 e2 76. h6 Rf1 77. h7 Rxg1 78. h8=Q Rh1+ 0-1


[Site "https://www.chess.com"]

[Event "Titled Tuesday Blitz March 07 Early 2023"]
[White "Korchmar, Vasiliy"]
[Black "Lehtosaari, Mauri"]
[WhiteFideId "24131750"]
[BlackFideId "501999"]
[WhiteElo "2370"]
[BlackElo "2519"]
[Result "1-0"]
[Round "06"]
[TimeControl "180+2"]
[Date "2023.03.07"]
[WhiteClock "0:00:15"]
[BlackClock "0:00:07"]

1. e4 c5 2. Nf3 e6 3. g3 Nc6 4. Bg2 Nf6 5. d3 d5 6. Nbd2 Be7 7. O-O O-O 8. Re1 Rb8 9. e5 Nd7 10. Nf1 b5 11. h4 a5 12. h5 a4 13. N1h2 b4 14. Ng4 Re8 15. Bf4 Ba6 16. Qd2 a3 17. b3 c4 18. d4 cxb3 19. cxb3 Na7 20. h6 g6 21. Bg5 Nb5 22. Bf1 Ra8 23. Bxe7 Qxe7 24. Qf4 Nc3 25. Bxa6 Rxa6 26. Ng5 Rc6 27. Re3 Rf8 28. Kg2 Rcc8 29. Rd3 Ne4 30. Nxe4 dxe4 31. Qxe4 Nb6 32. Nf6+ Kh8 33. Rd2 Rfd8 34. Rc2 Rxc2 35. Qxc2 Qb7+ 36. Kg1 Nd5 37. Nxd5 Qxd5 38. Rd1 Qf3 39. Rd3 Qd5 40. Qd2 Kg8 41. Qg5 Qd7 42. Qf6 Kf8 43. Qg7+ Ke7 44. Qxh7 Qb5 45. Rf3 Rf8 46. Qg7 Qe2 47. Kg2 Qe4 48. h7 Ke8 49. Qxf8+ 1-0


[Site "https://www.chess.com"]

[Event "Titled Tuesday Blitz March 07 Early 2023"]
[White "Osmak, Yuliia"]
[Black "Aldokhin, Ivan"]
[WhiteFideId "14101602"]
[BlackFideId "24115720"]
[WhiteElo "2271"]
[BlackElo "2322"]
[Result "0-1"]
[Round "06"]
[TimeControl "180+2"]
[Date "2023.03.07"]
[WhiteClock "0:00:03"]
[BlackClock "0:00:15"]

1. e4 c5 2. b3 d5 3. exd5 Qxd5 4. Nc3 Qd8 5. Bb2 Nf6 6. Nf3 Nc6 7. Bc4 e6 8. Qe2 a6 9. a4 Be7 10. O-O-O Nd4 11. Nxd4 cxd4 12. Ne4 O-O 13. f4 b5 14. axb5 axb5 15. Bxb5 Bb7 16. Bd3 Ra2 17. Nxf6+ Bxf6 18. Qh5 g6 19. Qb5 Qa8 20. Kb1 Bxg2 21. Rhg1 Bc6 22. Qb6 Ra5 23. Bxd4 Ra1+ 24. Kb2 Ra2+ 25. Kb1 Bxd4 26. Qxd4 Qa3 27. Bxg6 fxg6 28. f5 Ra8 0-1


[Site "https://www.chess.com"]

[Event "Titled Tuesday Blitz March 07 Early 2023"]
[White "Kowalczyk, Pawel"]
[Black "Moksh Amit Doshi"]
[WhiteFideId "1130641"]
[BlackFideId "25064967"]
[WhiteElo "2324"]
[BlackElo "2297"]
[Result "1-0"]
[Round "06"]
[TimeControl "180+2"]
[Date "2023.03.07"]
[WhiteClock "0:00:20"]
[BlackClock "0:00:13"]

1. e4 c5 2. Ne2 e6 3. g3 Nc6 4. Bg2 g6 5. O-O Bg7 6. c3 Nge7 7. d4 cxd4 8. cxd4 d5 9. e5 O-O 10. Nbc3 Nf5 11. h4 Qb6 12. Na4 Qb5 13. Bg5 Bd7 14. g4 Nfxd4 15. Nxd4 Nxd4 16. Nc3 Qc4 17. f4 Nb5 18. Ne2 Rac8 19. a4 Nc7 20. Be7 Rfe8 21. Bd6 Na6 22. b3 Qc2 23. Nd4 Qxd1 24. Rfxd1 Nc5 25. h5 Bf8 26. Bxf8 Kxf8 27. hxg6 hxg6 28. Kf2 Kg7 29. Ke3 Na6 30. Rac1 Nb4 31. Bf3 Rh8 32. Rxc8 Rxc8 33. Kd2 Rh8 34. Rh1 Rxh1 35. Bxh1 a5 36. Kc3 f6 37. exf6+ Kxf6 38. g5+ Ke7 39. Bg2 Kd6 40. Nf3 Nc6 41. Nh4 Be8 42. Bf1 e5 43. f5 d4+ 44. Kc4 Bf7+ 45. Kb5 Bxb3 46. Nxg6 e4 47. Nh4 d3 48. g6 d2 49. Be2 Ne7 50. f6 Nd5 51. f7 Ke7 52. Nf5+ Kf8 53. Bh5 d1=Q 54. g7# 1-0


[Site "https://www.chess.com"]

[Event "Titled Tuesday Blitz March 07 Early 2023"]
[White "Fernandez Garcia, Gumersindo"]
[Black "Matinian, Nikita"]
[WhiteFideId "24516740"]
[BlackFideId "24129100"]
[WhiteElo "2093"]
[BlackElo "2422"]
[Result "0-1"]
[Round "06"]
[TimeControl "180+2"]
[Date "2023.03.07"]
[WhiteClock "0:00:17"]
[BlackClock "0:01:40"]

1. d4 Nf6 2. c4 g6 3. Nc3 Bg7 4. e4 O-O 5. Be2 d6 6. Be3 Nbd7 7. g4 c5 8. d5 a6 9. g5 Nh5 10. a4 f5 11. exf5 Rxf5 12. Bg4 Ne5 13. Bxh5 gxh5 14. Qe2 Qb6 15. O-O-O Qb3 16. f4 Nxc4 17. Rd3 b5 18. Nf3 bxa4 19. Nh4 a3 20. Nb1 axb2+ 0-1


[Site "https://www.chess.com"]

[Event "Titled Tuesday Blitz March 07 Early 2023"]
[White "Preotu, Razvan"]
[Black "Degenbaev, Aziz"]
[WhiteFideId "2613280"]
[BlackFideId "13802640"]
[WhiteElo "2407"]
[BlackElo "2152"]
[Result "1-0"]
[Round "06"]
[TimeControl "180+2"]
[Date "2023.03.07"]
[WhiteClock "0:01:56"]
[BlackClock "0:00:21"]

1. e4 c5 2. Nf3 d6 3. d4 cxd4 4. Nxd4 Nf6 5. Nc3 a6 6. Be3 e5 7. Nb3 Be7 8. h3 Be6 9. Qf3 O-O 10. O-O-O a5 11. Nc5 Bc8 12. g4 b6 13. N5a4 Nfd7 14. Nd5 Bg5 15. Bxg5 Qxg5+ 16. Qe3 Qxe3+ 17. Nxe3 Bb7 18. f3 Nc6 19. Rxd6 Rad8 20. Bb5 Nc5 21. Nxc5 bxc5 22. Rxc6 Bxc6 23. Bxc6 1-0


[Site "https://www.chess.com"]

[Event "Titled Tuesday Blitz March 07 Early 2023"]
[White "Martynov, Pavel"]
[Black "Mammadzada, Gunay"]
[WhiteFideId "4101260"]
[BlackFideId "13403729"]
[WhiteElo "2314"]
[BlackElo "2396"]
[Result "1-0"]
[Round "06"]
[TimeControl "180+2"]
[Date "2023.03.07"]
[WhiteClock "0:01:25"]
[BlackClock "0:00:02"]

1. e4 c5 2. Nf3 d6 3. Bb5+ Bd7 4. Bxd7+ Qxd7 5. O-O Nf6 6. e5 dxe5 7. Nxe5 Qc7 8. d4 e6 9. Bf4 Bd6 10. Na3 Qe7 11. Nb5 Nd5 12. Bg5 f6 13. Qh5+ g6 14. Nxg6 hxg6 15. Qxh8+ Kd7 16. Rad1 c4 17. b3 cxb3 18. c4 fxg5 19. cxd5 bxa2 20. Rfe1 Qf8 21. dxe6+ Kc6 22. Qh3 Kxb5 23. Rc1 Nc6 24. d5 Nb4 25. e7 Qe8 26. g3 a5 27. Qf1+ Kb6 28. Re6 Qd7 29. Qe1 Re8 30. Qe5 Ka7 31. Rxd6 Qxe7 32. Re6 Rc8 33. Rxc8 1-0


[Site "https://www.chess.com"]

[Event "Titled Tuesday Blitz March 07 Early 2023"]
[White "Csonka, Balazs"]
[Black "Pourkashiyan, Atousa"]
[WhiteFideId "742910"]
[BlackFideId "12502014"]
[WhiteElo "2404"]
[BlackElo "2228"]
[Result "1-0"]
[Round "06"]
[TimeControl "180+2"]
[Date "2023.03.07"]
[WhiteClock "0:00:08"]
[BlackClock "0:00:06"]

1. e4 c5 2. Nc3 a6 3. Nge2 b5 4. d4 cxd4 5. Nxd4 e6 6. g3 Bb7 7. Bg2 Nf6 8. a3 Qc7 9. O-O Nc6 10. Re1 Be7 11. Bf4 Ne5 12. Nf5 exf5 13. Bxe5 Qxe5 14. exf5 Qc7 15. Bxb7 Qxb7 16. Qd6 O-O 17. Rxe7 Rac8 18. Rae1 Qf3 19. Qxa6 Qxf5 20. R7e2 Rb8 21. Qd6 h5 22. Ne4 Ng4 23. Nc5 Rbe8 24. Nxd7 Rd8 25. Qc5 Qxd7 26. f3 Nf6 27. Re7 Qd4+ 28. Qxd4 Rxd4 29. R7e3 Rc8 30. R1e2 g6 31. Kf2 Rdc4 32. Rb3 R8c5 33. c3 Kg7 34. Re7 Rd5 35. Re2 Nd7 36. Rb4 Rxb4 37. axb4 Nb6 38. Ke3 Nc4+ 39. Kf2 Rd2 40. b3 Rxe2+ 41. Kxe2 Nd6 42. Kd3 Kf6 43. Kd4 Ke6 44. c4 g5 45. Kc5 h4 46. cxb5 h3 47. Kc6 f5 48. b6 f4 49. gxf4 gxf4 50. b5 Ke5 51. b7 Nxb7 52. Kxb7 Kd4 53. b6 Ke3 54. Kc6 Kxf3 55. b7 Kg2 56. b8=Q f3 57. Qg3+ Kh1 58. Qxh3 f2 59. Qf1+ Kxh2 60. Kd5 Kg3 61. Ke4 Kh2 62. Qxf2+ Kh1 63. Qe2 1-0


[Site "https://www.chess.com"]

[Event "Titled Tuesday Blitz March 07 Early 2023"]
[White "Martinez Ramirez, Lennis"]
[Black "Karas, Marek"]
[WhiteFideId "3509079"]
[BlackFideId "14928558"]
[WhiteElo "2439"]
[BlackElo "2233"]
[Result "1-0"]
[Round "06"]
[TimeControl "180+2"]
[Date "2023.03.07"]
[WhiteClock "0:00:10"]
[BlackClock "0:00:22"]

1. c4 e6 2. g3 d5 3. Bg2 Nf6 4. Nf3 Be7 5. O-O O-O 6. b3 b6 7. Bb2 Bb7 8. Ne5 Nbd7 9. d4 c6 10. Nd2 Nxe5 11. dxe5 Nd7 12. e4 dxc4 13. Nxc4 c5 14. Qg4 Qc7 15. Nd6 Rfd8 16. f4 Bf8 17. Rad1 Bc6 18. f5 exf5 19. Qxf5 Nb8 20. Rde1 Bxd6 21. exd6 Qd7 22. Qg5 f6 23. Rxf6 Na6 24. Ref1 Kh8 25. Rf7 1-0


[Site "https://www.chess.com"]

[Event "Titled Tuesday Blitz March 07 Early 2023"]
[White "Skliarov, Viktor"]
[Black "Goltseva, Ekaterina"]
[WhiteFideId "14106736"]
[BlackFideId "24173770"]
[WhiteElo "2289"]
[BlackElo "2200"]
[Result "1-0"]
[Round "06"]
[TimeControl "180+2"]
[Date "2023.03.07"]
[WhiteClock "0:00:09"]
[BlackClock "0:00:03"]

1. e4 e6 2. d4 d5 3. e5 c5 4. c3 Qa5 5. dxc5 Qc7 6. Nf3 Nc6 7. Bf4 Bxc5 8. Bd3 Nge7 9. Bg3 Ng6 10. Qe2 a5 11. a4 Bd7 12. Na3 Nce7 13. Nb5 Bxb5 14. Bxb5+ Kf8 15. Bd3 Nf5 16. Bxf5 exf5 17. h4 f4 18. Bh2 h5 19. O-O-O Qc6 20. Qc2 Re8 21. Rhe1 Rh6 22. Qb3 Bxf2 23. Re2 Be3+ 24. Kb1 Ne7 25. Ng5 Qc8 26. Ka1 Rb6 27. Qc2 Qf5 28. Qxf5 Nxf5 29. Rxd5 Nxh4 30. Rd7 Rxe5 31. Nxf7 Rf5 32. Nd6 Rd5 33. Rf7+ Kg8 34. Rxf4 Rd1+ 35. Ka2 Bxf4 36. Re8+ 1-0


[Site "https://www.chess.com"]

[Event "Titled Tuesday Blitz March 07 Early 2023"]
[White "Ronka, Erik"]
[Black "Oro, Faustino"]
[WhiteFideId "505080"]
[BlackFideId "20000197"]
[WhiteElo "2264"]
[BlackElo "1984"]
[Result "1/2-1/2"]
[Round "06"]
[TimeControl "180+2"]
[Date "2023.03.07"]
[WhiteClock "0:00:02"]
[BlackClock "0:00:03"]

1. e4 e5 2. Nf3 Nc6 3. Bb5 Nf6 4. O-O Be7 5. Re1 d6 6. Bxc6+ bxc6 7. d4 exd4 8. Nxd4 Bd7 9. c4 O-O 10. Nc3 c5 11. Nf5 Bxf5 12. exf5 Re8 13. b3 Nd7 14. Nd5 c6 15. Nxe7+ Rxe7 16. Bb2 Nf8 17. Qf3 Rxe1+ 18. Rxe1 d5 19. f6 g6 20. Re7 d4 21. Bc1 Qd6 22. h3 d3 23. Bd2 Rd8 24. h4 h5 25. Rxa7 Nh7 26. Ra6 Qxf6 27. Qxf6 Nxf6 28. Rxc6 Ne4 29. Be3 d2 30. Bxd2 Rxd2 31. f3 Nc3 32. Rxc5 Rxa2 33. b4 Rb2 34. b5 Kg7 35. Rc6 Rb4 36. b6 Na4 37. c5 Rb5 38. Rc7 Nxc5 39. Kh2 Na6 40. Rb7 Nb4 41. Kg3 Nd5 42. Rd7 Nxb6 43. Rd6 Nc4 44. Rd4 Ne5 45. Kh3 f6 46. Rf4 Nf7 47. g4 hxg4+ 48. fxg4 Rb3+ 49. Kg2 Ne5 50. Rd4 Kh6 51. Re4 Rd3 52. g5+ Kg7 53. gxf6+ Kxf6 54. Rf4+ Ke6 55. Ra4 Rd2+ 56. Kg3 Rd3+ 57. Kg2 Kf5 58. Kh2 Ng4+ 59. Kg2 Rd2+ 60. Kg3 Rd3+ 61. Kg2 Ne5 62. Rb4 Ra3 63. Rd4 Rf3 64. Rd5 Rf4 65. Ra5 Rxh4 66. Ra8 Rg4+ 67. Kh3 g5 68. Re8 Ke4 69. Rxe5+ Kf3 70. Rf5+ Rf4 71. Rxg5 Ke4 72. Rg4 Ke5 73. Rxf4 Kxf4 1/2-1/2


[Site "https://www.chess.com"]

[Event "Titled Tuesday Blitz March 07 Early 2023"]
[White "Yosha_Iglesias"]
[Black "Fiorito, Francisco"]
[BlackFideId "180165"]
[WhiteElo "2485"]
[BlackElo "2341"]
[Result "1/2-1/2"]
[Round "06"]
[TimeControl "180+2"]
[Date "2023.03.07"]
[WhiteClock "0:00:08"]
[BlackClock "0:01:14"]

1. d4 Nf6 2. Nf3 g6 3. Nbd2 d5 4. e3 Bg7 5. b4 O-O 6. c4 dxc4 7. Bxc4 b6 8. O-O Bb7 9. Bb2 Nbd7 10. a4 a6 11. Qe2 Ne4 12. Nxe4 Bxe4 13. Bxa6 Bxf3 14. gxf3 e5 15. dxe5 Nxe5 16. Bxe5 Bxe5 17. Rad1 Qh4 18. f4 Bd6 19. Kh1 Bxb4 20. Rd7 Bd6 21. Bb5 Rad8 22. Qf3 Rxd7 23. Bxd7 Qe7 24. Bc6 Rd8 25. Rd1 Kg7 26. Qe4 Qf6 27. Rd5 h6 28. Qf3 Be7 29. Rxd8 Bxd8 30. h3 Be7 31. Qe4 Bd6 32. Kg2 h5 33. Bd5 g5 34. fxg5 Qxg5+ 35. Kf1 Qf6 36. Qg2+ Kh7 37. Qe4+ Kg7 38. Qg2+ Qg6 39. Qxg6+ fxg6 40. f4 Kf6 41. Ke2 Kf5 42. Kf3 Kf6 43. e4 Bb4 44. e5+ Ke7 45. Be4 Kf7 46. Bd5+ Kg7 47. Ke4 Bd2 48. f5 gxf5+ 49. Kxf5 Bc3 50. Bc6 h4 51. e6 Bf6 52. Bd7 Be7 53. Bc6 Kf8 54. Ke5 Bd8 55. Kf5 Ke7 56. Ke5 Kf8 57. Kf5 Be7 58. Ke5 Bg5 59. Kf5 Bc1 60. Ke5 Ke7 61. Kd5 Ba3 62. Ke5 Bb2+ 63. Kd5 Kf6 64. Bd7 Ba3 65. Bb5 Bd6 66. Bc4 Ke7 67. Kc6 Bg3 68. Kd5 Bd6 69. Kc6 Bg3 70. Kd5 Bf2 71. Kc6 Bg3 1/2-1/2


[Site "https://www.chess.com"]

[Event "Titled Tuesday Blitz March 07 Early 2023"]
[White "Orlov, Georgi"]
[Black "Dudzinski, Pawel"]
[WhiteFideId "2011271"]
[BlackFideId "1117890"]
[WhiteElo "2648"]
[BlackElo "2099"]
[Result "0-1"]
[Round "06"]
[TimeControl "180+2"]
[Date "2023.03.07"]
[WhiteClock "0:00:08"]
[BlackClock "0:00:08"]

1. d4 d5 2. Nf3 c5 3. c4 cxd4 4. cxd5 Nf6 5. Qxd4 Qxd5 6. Nc3 Qxd4 7. Nxd4 a6 8. Bf4 Bd7 9. e4 Nc6 10. Nb3 e5 11. Bg5 Bb4 12. Bxf6 gxf6 13. O-O-O Bxc3 14. bxc3 O-O-O 15. Nc5 Rhg8 16. g3 Be6 17. Nxe6 Rxd1+ 18. Kxd1 fxe6 19. Bc4 Kd7 20. Ke2 Ke7 21. a4 Rc8 22. Bd3 Na5 23. Rc1 Nb3 24. Rc2 Nc5 25. Rb2 Rc7 26. Bc2 Kd6 27. f4 exf4 28. gxf4 e5 29. f5 Nd7 30. Bd3 a5 31. Rb5 Rxc3 32. Rd5+ Kc7 33. Kd2 Ra3 34. Rxa5 b6 35. Ra7+ Kd6 36. Rb7 Rxd3+ 37. Ke2 Ra3 38. Ra7 h6 39. Kf2 Nc5 40. Rf7 Nxe4+ 41. Kg2 Kc5 42. Rc7+ Kd4 43. Rc6 Rb3 0-1


[Site "https://www.chess.com"]

[Event "Titled Tuesday Blitz March 07 Early 2023"]
[White "Dehtiarov, Roman"]
[Black "Shevtchenko, Olesya"]
[WhiteFideId "14186640"]
[BlackFideId "24131890"]
[WhiteElo "2162"]
[BlackElo "2003"]
[Result "1-0"]
[Round "06"]
[TimeControl "180+2"]
[Date "2023.03.07"]
[WhiteClock "0:01:26"]
[BlackClock "0:00:15"]

1. e4 c6 2. Nc3 d5 3. Nf3 dxe4 4. Nxe4 Nf6 5. Qe2 Nxe4 6. Qxe4 Qd5 7. Qf4 Qf5 8. Qxf5 Bxf5 9. c3 g6 10. d4 Bg7 11. Bc4 Nd7 12. O-O O-O 13. Re1 a5 14. a4 Rfe8 15. h3 Nb6 16. Bb3 Bd3 17. Bf4 Bc4 18. Bc2 Bd5 19. Nd2 Nc4 20. b3 Nxd2 21. Bxd2 e5 22. c4 Be6 23. dxe5 h6 24. f4 h5 25. Bc3 Bf8 26. Rad1 Bc5+ 27. Kf1 b6 28. Be4 Rac8 29. Bd4 Bb4 30. Re3 Red8 31. Red3 b5 32. axb5 cxb5 33. cxb5 Rc2 34. Be3 Rxd3 35. Rxd3 Rb2 36. b6 1-0


[Site "https://www.chess.com"]

[Event "Titled Tuesday Blitz March 07 Early 2023"]
[White "Baches Garcia, Guillermo"]
[Black "Kozak, Antoni"]
[WhiteFideId "2209764"]
[BlackFideId "21832030"]
[WhiteElo "2516"]
[BlackElo "2470"]
[Result "0-1"]
[Round "06"]
[TimeControl "180+2"]
[Date "2023.03.07"]
[WhiteClock "0:00:03"]
[BlackClock "0:01:21"]

1. e4 c6 2. c4 d5 3. exd5 cxd5 4. cxd5 Nf6 5. Nc3 g6 6. Nf3 Bg7 7. Bc4 O-O 8. Qb3 b6 9. O-O Bb7 10. Re1 Na6 11. d3 Nc5 12. Qa3 Nxd5 13. Nxd5 Bxd5 14. Bxd5 Qxd5 15. Rxe7 Nxd3 16. Rxa7 Nxc1 17. Rxc1 Bxb2 18. Qxb2 Rxa7 19. Qxb6 Rxa2 20. h4 Qa5 21. Qf6 Qa6 22. Qg5 Qb6 23. Rf1 Ra5 24. Qh6 Rh5 25. Qf4 Qb8 26. Qe3 Re8 27. Qd2 Qd8 28. g4 Qxd2 29. Nxd2 Rxh4 30. f3 Re2 0-1


[Site "https://www.chess.com"]